[Event "Carnaval"]
[Site "Quebec CAN"]
[Date "2025.02.23"]
[Round "4"]
[White "Rainfray, Arnaud"]
[Black "Vallieres, David"]
[Result "1-0"]
[ECO "B22"]
[WhiteElo "2350"]
[BlackElo "1866"]
[WhiteFideId "-1"]
[WhiteFideId "-1"]
[PlyCount "45"]
[GameId "2151043325440960"]
[EventDate "2025.02.21"]
[EventType "swiss"]
[EventRounds "5"]
[EventCountry "CAN"]
[TimeControl "5400+30"]

1. e4 c5 2. c3 Nf6 3. e5 Nd5 4. Nf3 e6 5. d4 cxd4 6. cxd4 b6 7. Nc3 Nxc3 8. bxc3 Bb7 9. Bd3 Qc7 10. O-O Qxc3 11. Bf4 Ba3 12. Qe2 Qc6 13. Rad1 O-O 14. d5 Qa4 15. Bxh7+ Kxh7 16. Rd4 Bb4 17. Ng5+ Kg8 18. Qd3 f5 19. exf6 Rxf6 20. Qh7+ Kf8 21. Qh8+ Ke7 22. d6+ Bxd6 23. Bxd6# 1-0

[Event "Carnaval"]
[Site "Quebec CAN"]
[Date "2025.02.23"]
[Round "4"]
[White "Vaillant, Charles-Etienne"]
[Black "Marquis, Paul"]
[Result "1-0"]
[ECO "E63"]
[WhiteElo "1906"]
[BlackElo "1861"]
[WhiteFideId "-1"]
[WhiteFideId "-1"]
[PlyCount "85"]
[GameId "2151043325436862"]
[EventDate "2025.02.21"]
[EventType "swiss"]
[EventRounds "5"]
[EventCountry "CAN"]
[TimeControl "5400+30"]

1. Nf3 Nf6 2. c4 g6 3. d4 Bg7 4. g3 O-O 5. Bg2 d6 6. Nc3 Nc6 7. O-O a6 8. b3 Rb8 9. d5 Na5 10. Bg5 b5 11. cxb5 axb5 12. Rc1 Bd7 13. b4 Nc4 14. Nd4 h6 15. Bxf6 Bxf6 16. e3 Bxd4 17. exd4 e5 18. dxe6 Bxe6 19. d5 Bd7 20. Qd4 f5 21. a4 Qf6 22. Qxf6 Rxf6 23. Nxb5 Bxb5 24. axb5 Na3 25. Rxc7 Nxb5 26. Rcc1 Rf7 27. Rc6 Rfb7 28. Re1 Kf7 29. Re3 Re7 30. Rxe7+ Kxe7 31. Bf1 Kd7 32. Rc4 Na3 33. Rh4 h5 34. b5 Nb1 35. Rb4 Nc3 36. Bc4 Ne4 37. b6 Nc5 38. Bb5+ Kc8 39. Be8 g5 40. Bg6 Kb7 41. Bxf5 Ra8 42. Kg2 Na4 43. Bd7 1-0

[Event "Carnaval"]
[Site "Quebec CAN"]
[Date "2025.02.23"]
[Round "5"]
[White "Bourassa, Samuel"]
[Black "Bain-Thouverez, Aurelien"]
[Result "0-1"]
[ECO "B02"]
[WhiteElo "2044"]
[BlackElo "1804"]
[WhiteFideId "-1"]
[WhiteFideId "-1"]
[PlyCount "72"]
[GameId "2151043325453261"]
[EventDate "2025.02.21"]
[EventType "swiss"]
[EventRounds "5"]
[EventCountry "CAN"]
[TimeControl "5400+30"]

1. e4 d5 2. exd5 Nf6 3. Nc3 Nxd5 4. Bc4 Nxc3 5. bxc3 Nd7 6. d4 g6 7. Be3 Bg7 8. Qd2 h6 9. Ne2 Nb6 10. Bd3 Nd5 11. Rb1 Nxe3 12. fxe3 Qd5 13. O-O O-O 14. c4 Qg5 15. c3 e5 16. Rf3 Qe7 17. e4 Bg4 18. Re3 h5 19. h3 Bc8 20. Rf3 b6 21. Rf2 Bb7 22. c5 exd4 23. cxd4 Bxe4 24. cxb6 axb6 25. Qe3 Rfe8 26. Rbf1 Bxd3 27. Qxd3 Rf8 28. Qc4 b5 29. Qb3 Ra3 30. Rxf7 Rxf7 31. Rxf7 Qe3+ 32. Qxe3 Rxe3 33. Rf2 Ra3 34. Rf4 Rxa2 35. Kf2 b4 36. Ke3 Bh6 0-1

[Event "Carnaval"]
[Site "Quebec CAN"]
[Date "2025.02.23"]
[Round "5"]
[White "Di Matteo, Alessio"]
[Black "Berube, Antoine"]
[Result "0-1"]
[ECO "E01"]
[WhiteElo "1973"]
[BlackElo "2197"]
[WhiteFideId "-1"]
[WhiteFideId "-1"]
[PlyCount "86"]
[GameId "2151043325453263"]
[EventDate "2025.02.21"]
[EventType "swiss"]
[EventRounds "5"]
[EventCountry "CAN"]
[TimeControl "5400+30"]

1. d4 d5 2. c4 c6 3. Nf3 Nf6 4. Nc3 e6 5. g3 dxc4 6. Bg2 Nbd7 7. O-O b5 8. e4 b4 9. e5 Nd5 10. Ne4 Be7 11. Bg5 O-O 12. Qc2 a5 13. Bxe7 Qxe7 14. Rfe1 Ba6 15. Neg5 g6 16. h4 c5 17. Rad1 Rac8 18. h5 c3 19. hxg6 hxg6 20. Qe4 Kg7 21. b3 cxd4 22. Qxd4 a4 23. Ne4 Nc5 24. Nd6 axb3 25. Qg4 Nd3 26. Nh4 Qa7 27. Nhf5+ exf5 28. Nxf5+ Kg8 29. Nh6+ Kh7 30. Qh4 Qxf2+ 31. Kh2 Rh8 32. Rf1 Kg7 33. Rxf2 Nxf2 34. Qd4 Rxh6+ 35. Kg1 c2 36. e6+ Nf6 37. Rc1 Nd3 38. Rf1 g5 39. Qa7 c1=Q 40. Rxc1 Rxc1+ 41. Bf1 Ne5 42. Qxa6 b2 43. e7 b1=Q 0-1

[Event "Carnaval"]
[Site "Quebec CAN"]
[Date "2025.02.23"]
[Round "5"]
[White "Dufresne, Christophe"]
[Black "Guillemette, Thomas"]
[Result "0-1"]
[ECO "B50"]
[WhiteElo "1941"]
[BlackElo "1871"]
[WhiteFideId "-1"]
[WhiteFideId "-1"]
[PlyCount "120"]
[GameId "2151043325469649"]
[EventDate "2025.02.21"]
[EventType "swiss"]
[EventRounds "5"]
[EventCountry "CAN"]
[TimeControl "5400+30"]

1. e4 c5 2. Nf3 d6 3. c3 Nf6 4. h3 Nc6 5. d3 g6 6. Be2 Bg7 7. O-O O-O 8. Be3 b6 9. Qd2 d5 10. e5 d4 11. exf6 dxe3 12. Qxe3 Bxf6 13. Nbd2 Bf5 14. Rad1 Qc7 15. Nb3 e5 16. Nh2 Rad8 17. Bg4 Qd7 18. Qf3 Bxg4 19. Nxg4 Bg7 20. Nf6+ Bxf6 21. Qxf6 Rfe8 22. Rfe1 Re6 23. Qf3 Rd6 24. Rd2 c4 25. Nc1 cxd3 26. Red1 Qe6 27. Re1 f5 28. Rxd3 Rxd3 29. Nxd3 e4 30. Qe2 Qxa2 31. Nc1 Qe6 32. Qc2 Ne5 33. Rd1 Rxd1+ 34. Qxd1 Qd7 35. Qb3+ Kg7 36. Qc2 Kf6 37. Qe2 Qd5 38. Qc2 b5 39. Qe2 Nc4 40. b3 Ne5 41. Qe3 Nd3 42. Ne2 Qxb3 43. Qd4+ Ke6 44. Qh8 Qd1+ 45. Kh2 Qxe2 46. Qxh7 Qxf2 47. Qxg6+ Ke7 48. Qg7+ Kd6 49. Qf6+ Kc5 50. Qf7 Qf4+ 51. Kh1 Qc1+ 52. Kh2 Qxc3 53. Qxa7+ Kb4 54. Qe7+ Qc5 55. Qf7 e3 56. Qa2 Qc3 57. Qb1+ Kc4 58. Qa2+ Qb3 59. Qe2 Qb2 60. Qxe3 Qe5+ 0-1

[Event "Carnaval"]
[Site "Quebec CAN"]
[Date "2025.02.23"]
[Round "5"]
[White "Masse, Hugues"]
[Black "Jiang, Barron Jiyu"]
[Result "1/2-1/2"]
[ECO "D02"]
[WhiteElo "2121"]
[BlackElo "1956"]
[WhiteFideId "-1"]
[WhiteFideId "-1"]
[PlyCount "78"]
[GameId "2151043325469650"]
[EventDate "2025.02.21"]
[EventType "swiss"]
[EventRounds "5"]
[EventCountry "CAN"]
[TimeControl "5400+30"]

1. d4 Nf6 2. Bf4 d5 3. e3 g6 4. Nf3 Bg7 5. h3 O-O 6. Be2 Nbd7 7. O-O Re8 8. c3 Ne4 9. Nbd2 Nxd2 10. Qxd2 b6 11. a4 c5 12. b4 a5 13. bxc5 bxc5 14. Bb5 Ba6 15. Rfb1 cxd4 16. cxd4 Bxb5 17. Rxb5 Nb6 18. Rxa5 Qd7 19. Qb4 Nc4 20. Rb5 e6 21. a5 Bf8 22. Qb3 Bd6 23. Ne5 Bxe5 24. Bxe5 Nxe5 25. dxe5 Qc7 26. f4 Reb8 27. a6 Rxb5 28. Qxb5 Qc3 29. Qf1 Qxe3+ 30. Qf2 Qc3 31. Ra4 Qc6 32. Qa2 d4 33. a7 d3 34. Kh2 Qc1 35. Qb3 d2 36. Qb8+ Kg7 37. Rd4 Rxb8 38. axb8=Q d1=Q 39. Rxd1 Qxd1 1/2-1/2

[Event "Carnaval"]
[Site "Quebec CAN"]
[Date "2025.02.23"]
[Round "5"]
[White "Wilkin, Alain"]
[Black "Turcotte, Jonathan"]
[Result "1/2-1/2"]
[ECO "D11"]
[WhiteElo "1815"]
[BlackElo "2036"]
[WhiteFideId "-1"]
[WhiteFideId "-1"]
[PlyCount "92"]
[GameId "2151043325453262"]
[EventDate "2025.02.21"]
[EventType "swiss"]
[EventRounds "5"]
[EventCountry "CAN"]
[TimeControl "5400+30"]

1. Nf3 d5 2. g3 c6 3. Bg2 Bg4 4. d4 Nf6 5. O-O Nbd7 6. b3 e6 7. Bb2 Be7 8. Nbd2 O-O 9. c4 a5 10. a3 h6 11. Re1 Bf5 12. Ne5 Nxe5 13. dxe5 Nd7 14. e4 dxe4 15. Nxe4 Nc5 16. Nxc5 Bxc5 17. Be4 Bxe4 18. Rxe4 Qb6 19. Qc2 Rfd8 20. Ree1 Rd7 21. Rad1 Rad8 22. Rxd7 Rxd7 23. Re2 Qd8 24. Kg2 Rd1 25. Bc3 Bxa3 26. Bxa5 Qd3 27. Qxd3 Rxd3 28. Re3 Rxe3 29. fxe3 Bb2 30. Bc7 Kh7 31. Kf3 Kg6 32. e4 Bd4 33. Bd6 Kh5 34. h3 g5 35. Bc7 Kg6 36. g4 Bb2 37. Ke3 h5 38. Kd3 b5 39. Kc2 Ba1 40. cxb5 cxb5 41. Kd3 h4 42. Bd6 Bb2 43. Kc2 Bd4 44. Kd3 Bf2 45. Be7 Bg3 46. Bf6 Be1 1/2-1/2

[Event "Carnaval"]
[Site "Quebec CAN"]
[Date "2025.02.23"]
[Round "5"]
[White "Zhang, Yitian"]
[Black "Vaillant, Charles-Etienne"]
[Result "1-0"]
[ECO "D48"]
[WhiteElo "1784"]
[BlackElo "1906"]
[WhiteFideId "-1"]
[WhiteFideId "-1"]
[PlyCount "89"]
[GameId "2151043325465552"]
[EventDate "2025.02.21"]
[EventType "swiss"]
[EventRounds "5"]
[EventCountry "CAN"]
[TimeControl "5400+30"]

1. d4 d5 2. c4 c6 3. e3 Nf6 4. Nc3 e6 5. Nf3 Nbd7 6. Bd3 dxc4 7. Bxc4 b5 8. Bd3 a6 9. O-O c5 10. Bd2 Bb7 11. dxc5 Nxc5 12. Be2 Bd6 13. a3 O-O 14. Rc1 Qb8 15. h3 Rd8 16. b4 Nce4 17. Qc2 Ra7 18. Nxe4 Bxe4 19. Qb2 Qa8 20. Bc3 Be7 21. Bd4 Rad7 22. Ne5 Rxd4 23. exd4 Bxg2 24. Rfd1 Bxh3 25. Bf3 Nd5 26. Nc6 Re8 27. Qb3 Bg5 28. Bxd5 exd5 29. Qxh3 Bxc1 30. Rxc1 Qb7 31. Ne5 f6 32. Qd7 Qxd7 33. Nxd7 Re2 34. Rc6 Rd2 35. Rxa6 Rxd4 36. Rb6 Rd1+ 37. Kg2 d4 38. Rxb5 d3 39. Rd5 Kf7 40. b5 Ke6 41. Rxd3 Rb1 42. Rb3 Ra1 43. b6 Kxd7 44. b7 Rxa3 45. b8=Q 1-0

[Event "Germain Laplante op"]
[Site "Chambly CAN"]
[Date "2025.05.17"]
[Round "3.1"]
[White "Rodrigue-Lemieux, Shawn"]
[Black "Duong, Thanh Nha"]
[Result "1-0"]
[ECO "A53"]
[WhiteElo "2575"]
[BlackElo "2330"]
[WhiteFideId "-1"]
[WhiteFideId "-1"]
[PlyCount "93"]
[GameId "2180113068307897"]
[EventDate "2025.05.16"]
[EventType "swiss"]
[EventRounds "5"]
[EventCountry "CAN"]
[TimeControl "90+30"]

1. c4 e5 2. g3 Nf6 3. Bg2 c6 4. d4 d6 5. Nc3 Be7 6. e3 O-O 7. Nge2 Nbd7 8. O-O Re8 9. b3 Nf8 10. Bb2 Ng6 11. Qc2 Bf8 12. Rad1 Qa5 13. d5 c5 14. h3 a6 15. a4 Bd7 16. Ra1 Reb8 17. Ra3 Be7 18. Nc1 Qd8 19. a5 Qc8 20. Kh2 Bd8 21. e4 Bc7 22. Nd3 Qd8 23. Rfa1 h5 24. Qe2 h4 25. Bc1 Nh7 26. Bd2 Qe7 27. Qh5 Rf8 28. Nd1 Qd8 29. Ne3 Nf6 30. Qe2 Qc8 31. b4 b6 32. axb6 Bxb6 33. bxc5 Bxc5 34. Nxc5 hxg3+ 35. fxg3 dxc5 36. Bc3 Ne8 37. Qa2 Nc7 38. Ra5 f5 39. exf5 Bxf5 40. Rxc5 Qd7 41. Qa4 Qe7 42. Qc6 Bd7 43. d6 Qg5 44. Qxd7 Rad8 45. Qg4 Qxe3 46. dxc7 Rc8 47. Bd5+ 1-0

[Event "Germain Laplante op"]
[Site "Chambly CAN"]
[Date "2025.05.17"]
[Round "3.2"]
[White "Tanaka, Tyler"]
[Black "Migot, Tangi"]
[Result "1-0"]
[ECO "E07"]
[WhiteElo "2282"]
[BlackElo "2425"]
[WhiteFideId "-1"]
[WhiteFideId "-1"]
[PlyCount "91"]
[GameId "2180113068266936"]
[EventDate "2025.05.16"]
[EventType "swiss"]
[EventRounds "5"]
[EventCountry "CAN"]
[TimeControl "90+30"]

1. Nf3 d5 2. g3 Nd7 3. d4 Ngf6 4. Bg2 e6 5. O-O Be7 6. c4 O-O 7. Nc3 dxc4 8. e4 Rb8 9. a4 a6 10. a5 b5 11. axb6 Nxb6 12. Qe2 Bb7 13. Rd1 Bb4 14. Ne5 a5 15. Bg5 h6 16. Bxf6 Qxf6 17. Na4 Rfd8 18. Nxb6 cxb6 19. Qxc4 Bd6 20. Nc6 Bxc6 21. Qxc6 e5 22. d5 Rdc8 23. Qa4 Bc5 24. Rd2 Bb4 25. Rc2 b5 26. Qb3 Qb6 27. Bh3 Rxc2 28. Qxc2 Bc5 29. Rc1 Bd4 30. Bd7 Rd8 31. Bc6 a4 32. Kg2 Qa5 33. Rd1 Qb4 34. Rd2 g6 35. Re2 Kg7 36. Qd2 Qc4 37. Qc2 Qb4 38. Qd2 Qc5 39. Qc2 Qb6 40. Qd3 Rb8 41. Rc2 Qa5 42. d6 b4 43. Bd5 Qb6 44. Qf3 Rf8 45. Rc7 Qxd6 46. Rxf7+ 1-0

[Event "Germain Laplante op"]
[Site "Chambly CAN"]
[Date "2025.05.18"]
[Round "4"]
[White "Duong, Thanh Nha"]
[Black "Masse, Hugues"]
[Result "1/2-1/2"]
[ECO "D04"]
[WhiteElo "2330"]
[BlackElo "2211"]
[WhiteFideId "-1"]
[WhiteFideId "-1"]
[PlyCount "119"]
[GameId "2180113068324283"]
[EventDate "2025.05.16"]
[EventType "swiss"]
[EventRounds "5"]
[EventCountry "CAN"]
[TimeControl "90+30"]

1. Nf3 Nf6 2. b3 c5 3. Bb2 Nc6 4. e3 g6 5. d4 cxd4 6. exd4 d5 7. Bd3 Bg7 8. a3 O-O 9. O-O Bf5 10. Bxf5 gxf5 11. Nbd2 e6 12. Qe2 Kh8 13. Rfd1 Ne4 14. Ne5 Qc7 15. Nxc6 Qxc6 16. c4 Rac8 17. Nxe4 fxe4 18. Rac1 f5 19. cxd5 Qxd5 20. Rc5 Qxb3 21. Rb5 Qc2 22. Qxc2 Rxc2 23. Rxb7 Rfc8 24. g3 R2c7 25. Rb4 Rd7 26. Bc1 Rxd4 27. Rdxd4 Bxd4 28. Rxd4 Rxc1+ 29. Kg2 Rc7 30. Rd6 Re7 31. g4 Kg7 32. Kg3 Kf6 33. Kf4 fxg4 34. Ra6 Rb7 35. Kxe4 h5 36. Ra5 Kg6 37. f3 gxf3 38. Kxf3 Kf6 39. Kf4 Rb3 40. Rxa7 Rh3 41. a4 Rxh2 42. a5 Rh4+ 43. Kf3 Rh3+ 44. Kf4 Rh4+ 45. Kf3 Ra4 46. a6 Ke5 47. Rh7 Ra3+ 48. Ke2 Ke4 49. Rxh5 Ra2+ 50. Ke1 Rxa6 51. Rh4+ Ke3 52. Rh3+ Kf4 53. Rh4+ Kg3 54. Rb4 e5 55. Ke2 Ra3 56. Re4 Ra5 57. Ke3 Ra1 58. Rxe5 Re1+ 59. Kd4 Rxe5 60. Kxe5 1/2-1/2

[Event "Germain Laplante op"]
[Site "Chambly CAN"]
[Date "2025.05.18"]
[Round "4.1"]
[White "Tanaka, Tyler"]
[Black "Rodrigue-Lemieux, Shawn"]
[Result "0-1"]
[ECO "B12"]
[WhiteElo "2282"]
[BlackElo "2575"]
[WhiteFideId "-1"]
[WhiteFideId "-1"]
[PlyCount "88"]
[GameId "2180113068348863"]
[EventDate "2025.05.16"]
[EventType "swiss"]
[EventRounds "5"]
[EventCountry "CAN"]
[TimeControl "90+30"]

1. e4 c6 2. d4 d5 3. e5 c5 4. c3 Nc6 5. Be2 cxd4 6. cxd4 Bf5 7. Nf3 e6 8. O-O Nge7 9. Nc3 Bg4 10. Nh4 Bxe2 11. Nxe2 Ng6 12. Nf3 Be7 13. g3 O-O 14. Kg2 f6 15. exf6 Bxf6 16. Be3 e5 17. dxe5 Ngxe5 18. Nxe5 Bxe5 19. Qb3 Na5 20. Qb5 a6 21. Qb6 Nc4 22. Qe6+ Kh8 23. Bd4 Re8 24. Qf5 Bxd4 25. Nxd4 Qb6 26. Rfd1 Qxb2 27. Kg1 b5 28. Qc2 Qxc2 29. Nxc2 Rad8 30. Nd4 Kg8 31. Rd3 g6 32. Kg2 Rd6 33. h4 Re4 34. Rh1 b4 35. Rc1 Rf6 36. Rc2 Rd6 37. Nf3 h6 38. Nd2 Nxd2 39. Rcxd2 Re5 40. Rd4 a5 41. Kf3 Kf7 42. R2d3 Ke6 43. a3 Re4 44. axb4 Ke5 0-1

[Event "Germain Laplante op"]
[Site "Chambly CAN"]
[Date "2025.05.18"]
[Round "4.2"]
[White "Latorre, Vincent"]
[Black "Migot, Tangi"]
[Result "1/2-1/2"]
[ECO "C70"]
[WhiteElo "2368"]
[BlackElo "2425"]
[WhiteFideId "-1"]
[WhiteFideId "-1"]
[PlyCount "86"]
[GameId "2180113068357056"]
[EventDate "2025.05.16"]
[EventType "swiss"]
[EventRounds "5"]
[EventCountry "CAN"]
[TimeControl "90+30"]

1. e4 e5 2. Nf3 Nc6 3. Bb5 a6 4. Ba4 Bc5 5. O-O Nge7 6. Nxe5 Nxe5 7. d4 b5 8. Bb3 Bxd4 9. Qxd4 d6 10. c3 c5 11. Qd1 O-O 12. Bf4 Bb7 13. Bc2 Qb6 14. Bg3 Qc6 15. Nd2 N5g6 16. Nb3 Rad8 17. Na5 Qb6 18. Nxb7 Qxb7 19. Qg4 d5 20. h4 dxe4 21. Bxe4 Qb6 22. h5 f5 23. Bxf5 Nxf5 24. hxg6 Qxg6 25. Qxg6 hxg6 26. Bf4 Rfe8 27. Rfe1 Kf7 28. Bg5 Rxe1+ 29. Rxe1 Re8 30. Rd1 Re2 31. g4 Nh6 32. Rd7+ Kf8 33. Be3 Rxb2 34. Bxc5+ Kg8 35. Bd4 Nf7 36. a3 Rb3 37. Ra7 Rxa3 38. Ra8+ Kh7 39. Ra7 Kg8 40. Ra8+ Kh7 41. Ra7 Kg8 42. Kg2 a5 43. f4 b4 1/2-1/2

[Event "Germain Laplante op"]
[Site "Chambly CAN"]
[Date "2025.05.18"]
[Round "5.1"]
[White "Rodrigue-Lemieux, Shawn"]
[Black "Chiku-Ratte, Olivier-Kenta"]
[Result "1-0"]
[ECO "A87"]
[WhiteElo "2575"]
[BlackElo "2403"]
[WhiteFideId "-1"]
[WhiteFideId "-1"]
[PlyCount "49"]
[GameId "2180113068340669"]
[EventDate "2025.05.16"]
[EventType "swiss"]
[EventRounds "5"]
[EventCountry "CAN"]
[TimeControl "90+30"]

1. c4 g6 2. g3 Bg7 3. Bg2 f5 4. d4 Nf6 5. Nc3 d6 6. Nf3 O-O 7. O-O Ne4 8. Nxe4 fxe4 9. Ng5 e6 10. Nxe4 d5 11. Bg5 Qd7 12. cxd5 exd5 13. Nc3 c6 14. Qd2 Qf7 15. e4 dxe4 16. Nxe4 Be6 17. Rfe1 Bd5 18. Nd6 Qd7 19. Be7 Rf3 20. Bxf3 Bxf3 21. Qf4 Bd5 22. Bf6 Bf8 23. Re8 Qh3 24. f3 Bf7 25. Be7 1-0

[Event "Laval op"]
[Site "Laval CAN"]
[Date "2025.06.21"]
[Round "2.2"]
[White "Chiku-Ratte, Olivier-Kenta"]
[Black "Mok, Yuen Tak"]
[Result "1-0"]
[ECO "D30"]
[WhiteElo "2303"]
[BlackElo "1934"]
[WhiteFideId "-1"]
[WhiteFideId "-1"]
[PlyCount "35"]
[GameId "2191178278952960"]
[EventDate "2025.06.19"]
[EventType "swiss"]
[EventRounds "5"]
[EventCountry "CAN"]
[TimeControl "90+30"]

1. d4 d5 2. c4 e6 3. Nf3 c6 4. Nbd2 f5 5. g3 Nd7 6. Bg2 Bd6 7. b3 Ngf6 8. Bb2 Ne4 9. Qc1 Qe7 10. O-O Qf6 11. Ne1 O-O 12. Nd3 g5 13. Nf3 h5 14. Nfe5 g4 15. f3 gxf3 16. exf3 Ng5 17. Qf4 Qh6 18. Bc1 1-0

[Event "Laval op"]
[Site "Laval CAN"]
[Date "2025.06.21"]
[Round "2.3"]
[White "Pomerantz, Daniel"]
[Black "Zheng, Richard"]
[Result "0-1"]
[ECO "B15"]
[WhiteElo "1941"]
[BlackElo "2302"]
[WhiteFideId "-1"]
[WhiteFideId "-1"]
[PlyCount "58"]
[GameId "2191178278961152"]
[EventDate "2025.06.19"]
[EventType "swiss"]
[EventRounds "5"]
[EventCountry "CAN"]
[TimeControl "90+30"]

1. e4 c6 2. d4 d5 3. Nd2 dxe4 4. Nxe4 Nf6 5. Nxf6+ exf6 6. c3 Bd6 7. Bd3 O-O 8. Qc2 Re8+ 9. Ne2 h5 10. Be3 Nd7 11. c4 Nf8 12. O-O-O Be6 13. Kb1 Qa5 14. a3 Rac8 15. Nc3 b5 16. c5 Bb8 17. Be4 b4 18. axb4 Qxb4 19. d5 cxd5 20. Bxd5 Be5 21. Bxe6 Nxe6 22. Nd5 Qa5 23. Qd2 Qa4 24. Nc3 Qb4 25. Rc1 Nxc5 26. Bxc5 Rxc5 27. Rhe1 Rec8 28. Ne4 Rxc1+ 29. Rxc1 Qxe4+ 0-1

[Event "Laval op"]
[Site "Laval CAN"]
[Date "2025.06.21"]
[Round "2.4"]
[White "Dukic, Zachary"]
[Black "Hebrard, Emmanuel"]
[Result "1-0"]
[ECO "C00"]
[WhiteElo "2191"]
[BlackElo "1879"]
[WhiteFideId "-1"]
[WhiteFideId "-1"]
[PlyCount "67"]
[GameId "2191178278969344"]
[EventDate "2025.06.19"]
[EventType "swiss"]
[EventRounds "5"]
[EventCountry "CAN"]
[TimeControl "90+30"]

1. Nf3 Nf6 2. g3 d5 3. Bg2 e6 4. O-O Be7 5. d3 O-O 6. Nbd2 c5 7. e4 Nc6 8. Re1 Rb8 9. e5 Nd7 10. Nf1 b5 11. h4 Qc7 12. Bf4 Rd8 13. h5 h6 14. Qd2 Nb6 15. g4 b4 16. g5 hxg5 17. Nxg5 Bf8 18. Nf3 Na4 19. b3 Nc3 20. h6 g6 21. Bg5 Be7 22. N1h2 Bxg5 23. Qxg5 Qe7 24. Qf4 Ba6 25. Ng4 Rbc8 26. a3 bxa3 27. Rxa3 Nb4 28. Bf1 Rc6 29. Rea1 Rb8 30. Ng5 Rb7 31. h7+ Kh8 32. Nh6 f5 33. exf6 Qc7 34. Qf3 1-0

[Event "Laval op"]
[Site "Laval CAN"]
[Date "2025.06.21"]
[Round "2.5"]
[White "Batorshyn, Ilia"]
[Black "Turcotte, Jonathan"]
[Result "1/2-1/2"]
[ECO "D14"]
[WhiteElo "2183"]
[BlackElo "1930"]
[WhiteFideId "-1"]
[WhiteFideId "-1"]
[PlyCount "85"]
[GameId "2191178278989824"]
[EventDate "2025.06.19"]
[EventType "swiss"]
[EventRounds "5"]
[EventCountry "CAN"]
[TimeControl "90+30"]

1. d4 d5 2. c4 c6 3. cxd5 cxd5 4. Nf3 Nc6 5. Nc3 Nf6 6. Bf4 Bf5 7. Qb3 Na5 8. Qa4+ Bd7 9. Qc2 Rc8 10. e3 e6 11. Bd3 Bb4 12. O-O Nc4 13. Rfc1 O-O 14. Ne5 Bxc3 15. bxc3 Bb5 16. a4 Nxe5 17. axb5 Nxd3 18. Qxd3 Qb6 19. Bg5 Ne4 20. Be7 Rfe8 21. Bb4 Rc4 22. f3 Nf6 23. Bc5 Qxb5 24. Rcb1 Qc6 25. Rxa7 b5 26. Ra5 Rb8 27. Rb3 Nd7 28. Ba3 f5 29. Qd2 Ra4 30. Rxa4 bxa4 31. Rxb8+ Nxb8 32. Qb2 Nd7 33. Qb4 h6 34. h4 Kh7 35. Kf2 Nb6 36. Qc5 Qb7 37. Qb5 Qc7 38. Bc5 Nd7 39. Bb4 Nf6 40. Qxa4 Nh5 41. Kf1 Qh2 42. Be7 Ng3+ 43. Kf2 1/2-1/2

[Event "Morphy"]
[Site "Gatineau CAN"]
[Date "2025.01.14"]
[Round "1"]
[White "Thompson, Francis"]
[Black "Berthiaume, Serge"]
[Result "1-0"]
[ECO "D02"]
[WhiteElo "1777"]
[BlackElo "1320"]
[WhiteFideId "-1"]
[WhiteFideId "-1"]
[PlyCount "49"]
[GameId "2135377793529588"]
[EventDate "2025.01.14"]
[EventType "swiss"]
[EventRounds "7"]
[EventCountry "CAN"]
[TimeControl "1"]

1. Nf3 d5 2. g3 Nf6 3. Bg2 c5 4. O-O Nc6 5. d4 cxd4 6. Nxd4 e5 7. Nxc6 bxc6 8. c4 h6 9. Nc3 Bb4 10. Nxd5 Nxd5 11. cxd5 c5 12. a3 Ba5 13. b4 Bb6 14. Bb2 cxb4 15. Bxe5 O-O 16. d6 Bd7 17. axb4 Rb8 18. Bd4 Bb5 19. Bc5 Re8 20. Re1 Re5 21. Rc1 Bxc5 22. bxc5 Rc8 23. c6 Re6 24. c7 Qf6 25. d7 1-0

[Event "Morphy"]
[Site "Gatineau CAN"]
[Date "2025.01.21"]
[Round "2"]
[White "Chenier, Raphael"]
[Black "Latreille, Etienne"]
[Result "0-1"]
[ECO "B35"]
[WhiteElo "1723"]
[BlackElo "2075"]
[WhiteFideId "-1"]
[WhiteFideId "-1"]
[PlyCount "54"]
[GameId "2138721250798946"]
[EventDate "2025.01.14"]
[EventType "swiss"]
[EventRounds "7"]
[EventCountry "CAN"]
[TimeControl "90+30"]

1. e4 c5 2. Nf3 Nc6 3. d4 cxd4 4. Nxd4 g6 5. Nc3 Bg7 6. Be3 Nf6 7. Bc4 O-O 8. f3 Qb6 9. Qd2 Nxe4 10. fxe4 Bxd4 11. Bxd4 Qxd4 12. Qxd4 Nxd4 13. O-O-O Nc6 14. Rhf1 d6 15. Nd5 Be6 16. Bb3 Rac8 17. Rf2 Kg7 18. Kd2 b5 19. Ke3 Ne5 20. h3 Rfe8 21. c3 Rc5 22. Rfd2 a5 23. a3 Rb8 24. Rd4 Bxd5 25. Rxd5 Rc7 26. R1d4 Nd7 27. g4 Nf6 0-1

[Event "Morphy"]
[Site "Gatineau CAN"]
[Date "2025.01.28"]
[Round "3"]
[White "Latreille, Etienne"]
[Black "Azar, Sebastien"]
[Result "1-0"]
[ECO "B51"]
[WhiteElo "2075"]
[BlackElo "2180"]
[WhiteFideId "-1"]
[WhiteFideId "-1"]
[PlyCount "107"]
[GameId "2139506882707522"]
[EventDate "2025.01.14"]
[EventType "swiss"]
[EventRounds "7"]
[EventCountry "CAN"]
[TimeControl "90+30"]

1. e4 c5 2. Nf3 d6 3. Bb5+ Nd7 4. a4 Ngf6 5. Nc3 g6 6. O-O a6 7. Be2 Bg7 8. a5 O-O 9. d4 cxd4 10. Nxd4 Nc5 11. Bf3 e5 12. Nb3 Nxb3 13. cxb3 Be6 14. Be3 Qe7 15. Bg5 Rfc8 16. Na4 Rc6 17. Nb6 Rb8 18. Qd3 Qc7 19. Rfd1 Nd7 20. Nd5 Bxd5 21. Qxd5 Bf8 22. Bd2 b6 23. b4 b5 24. Bc3 Rc4 25. Be2 Nf6 26. Bxc4 Nxd5 27. Bxd5 h5 28. Rd3 Bh6 29. Rad1 Rd8 30. Bb3 Qe7 31. Rd5 Bg5 32. g3 h4 33. R1d3 Qc7 34. f4 Qa7+ 35. Kf1 hxg3 36. hxg3 Be7 37. fxe5 Qd7 38. Bd1 Qh3+ 39. Kg1 Kh7 40. g4 Qh6 41. Kg2 Bh4 42. Rxd6 Rxd6 43. exd6 Qf4 44. Rh3 Qf2+ 45. Kh1 Qf1+ 46. Kh2 Qf2+ 47. Kh1 g5 48. Rf3 Qa7 49. Bb3 f5 50. Be6 Kh6 51. Bxf5 Qa8 52. d7 Bg3 53. Rd3 Bc7 54. Rh3# 1-0

[Event "Morphy"]
[Site "Gatineau CAN"]
[Date "2025.02.04"]
[Round "4"]
[White "Gagne, Raphael"]
[Black "Blais, Robert"]
[Result "1-0"]
[ECO "A80"]
[WhiteElo "1278"]
[BlackElo "1405"]
[WhiteFideId "-1"]
[WhiteFideId "-1"]
[PlyCount "56"]
[GameId "2143845680485206"]
[EventDate "2025.01.14"]
[EventType "swiss"]
[EventRounds "7"]
[EventCountry "CAN"]
[TimeControl "1"]

1. d4 f5 2. Bf4 d5 3. e3 Nf6 4. Nd2 e6 5. Ngf3 Bd6 6. Bg3 Bxg3 7. hxg3 Nc6 8. c4 Bd7 9. a3 a5 10. Be2 Qe7 11. Ne5 O-O-O 12. Nxd7 Rxd7 13. Qa4 dxc4 14. Nxc4 Nd5 15. Nxa5 Nb6 16. Nxc6 Nxa4 17. Nxe7+ Rxe7 18. b3 Nc3 19. Bd3 g6 20. Kd2 Nd5 21. Rac1 Rd8 22. Rc5 Rd6 23. Rhc1 c6 24. b4 Rc7 25. b5 Kd7 26. Bc4 b6 27. Rxc6 Rcxc6 28. bxc6+ Rxc6 1-0

[Event "Morphy"]
[Site "Gatineau CAN"]
[Date "2025.02.04"]
[Round "4"]
[White "Lattafi, Youcef"]
[Black "Latreille, Etienne"]
[Result "1/2-1/2"]
[ECO "B76"]
[WhiteElo "1862"]
[BlackElo "2075"]
[WhiteFideId "-1"]
[WhiteFideId "-1"]
[PlyCount "105"]
[GameId "2143845680829279"]
[EventDate "2025.01.14"]
[EventType "swiss"]
[EventRounds "7"]
[EventCountry "CAN"]
[TimeControl "1"]

1. e4 c5 2. Nf3 Nc6 3. d4 cxd4 4. Nxd4 g6 5. Nc3 Bg7 6. Be3 Nf6 7. Nb3 O-O 8. Qd2 d6 9. f3 Be6 10. O-O-O a6 11. Bh6 Rc8 12. h4 Bxh6 13. Qxh6 Nb4 14. Kb1 Qb6 15. h5 Qf2 16. Bd3 Nxd3 17. cxd3 Bxb3 18. axb3 Rc5 19. hxg6 fxg6 20. Rd2 Qg3 21. d4 Rh5 22. Rxh5 Nxh5 23. Nd5 Qe1+ 24. Ka2 Rf7 25. Rc2 Qa5+ 26. Kb1 Qd8 27. Nb6 Rf8 28. Rc8 Qxc8 29. Nxc8 Rxc8 30. Qg5 Rc7 31. Qd5+ Kf8 32. e5 Nf4 33. Qe4 dxe5 34. g3 $2 (34. Qxe5 Rc1+ 35. Ka2 Nd3 36. Qh8+ Kf7 37. Qxh7+ Kf6 38. b4 $16) 34... Nh5 35. Qxe5 $6 Rd7 36. Qh8+ Kf7 37. Qxh7+ Ng7 38. Qh3 Rxd4 39. Qc8 Rb4 40. Qc5 Rb5 41. Qc4+ Ne6 42. f4 g5 43. Qe4 gxf4 44. gxf4 Kf6 45. b4 Ng7 46. Qd4+ Kf7 47. Qc4+ Kf6 48. Qc3+ Kf7 49. Kc2 Nf5 50. Qh8 Nd6 51. Qh7+ Kf8 52. Qh6+ Kf7 53. Qh7+ 1/2-1/2